AoeStats
← Your Mom

Black Forest

507042167Analyzed
4v4 RM · 17d ago on Sep 16, 2026· 46m 38s· 8 players
Game mode
Random Map
Map size
Large (8 player)
Population
200
Speed
Normal
Resources
Standard
Victory
Conquest
Starting age
Dark Age
Ending age
Imperial Age
RankedLock teamsTeams togetherTeam positionsShared explorationLock speedFull tech treeHidden civsTurbo modeCheats
Victory
Defeat
🇷🇴 Persians · Romania
990
+12
🇹🇷 Mongols · Türkiye
891
+16
🇷🇴 Franks · Romania
857
+26
🇫🇷 Maya · France
853
+18
🇹🇼 Persians · Taiwan
989
-19
🇹🇼 Britons · Taiwan
975
-19
🇩🇪 Khmer · Germany
818
-13
🇮🇹 Bengalis · Italy
790
-12
Ramiro
10:37 Feudal Age
10:55 Loom
16:40 Castle Age
16:20 Double-Bit Axe
26:25 Bow Saw
26:00 Horse Collar
28:19 Heavy Plow
28:12 Gold Mining
28:13 Stone Mining
29:19 Wheelbarrow
28:30 Town Watch
28:50 Caravan
32:44 Imperial Age
31:14 Hand Cart
31:00 Town Patrol
32:54 Bloodlines
32:44 Husbandry
32:53 Scale Barding Armor
34:32 Chain Barding Armor
34:23 Forging
34:48 Devotion
34:44 Elite War Elephant
36:52 Citadels
37:03 Conscription
37:28 Plate Barding Armor
37:29 Iron Casting
37:30 Ballistics
38:10 Chemistry
37:21 Masonry
37:08 Murder Holes
43:34 Blast Furnace
42:25 Fletching
WhiteArcane
10:10 Loom
12:45 Feudal Age
15:11 Wheelbarrow
14:32 Double-Bit Axe
20:46 Castle Age
22:33 Gold Mining
27:09 Bow Saw
28:27 Husbandry
28:34 Scale Barding Armor
28:52 Forging
31:12 Chain Barding Armor
32:18 Gold Shaft Mining
32:07 Caravan
32:55 Iron Casting
33:38 Hand Cart
38:45 Imperial Age
39:12 Cavalier
41:12 Plate Barding Armor
40:40 Scale Mail Armor
41:43 Blast Furnace
41:55 Chemistry
41:17 Ballistics
41:47 Paladin
Goodbye old friend =)
10:14 Loom
12:00 Feudal Age
19:32 Castle Age
18:05 Double-Bit Axe
19:17 Horse Collar
22:12 Caravan
22:52 Wheelbarrow
27:37 Bow Saw
27:35 Heavy Plow
28:09 Stone Mining
28:53 Town Watch
34:38 Imperial Age
32:42 Hand Cart
32:53 Fletching
33:04 Padded Archer Armor
33:38 Ballistics
33:14 Murder Holes
34:34 Stone Shaft Mining
33:49 Gold Mining
33:33 Elite Skirmisher
34:17 Bodkin Arrow
34:37 Leather Archer Armor
35:46 Conscription
35:42 Bracer
38:49 Capped Ram
40:06 Thumb Ring
40:27 Parthian Tactics
40:00 Onager
40:00 Siege Ram
43:29 Drill
43:17 Siege Onager
45:42 Elite Mangudai
milou
12:12 Feudal Age
12:48 Double-Bit Axe
23:32 Castle Age
23:32 Horse Collar
25:07 Crossbowman
27:32 Bow Saw
27:10 Town Watch
27:11 Loom
31:08 Wheelbarrow
30:48 Heavy Plow
31:12 Man-at-Arms
31:13 Pikeman
31:17 Eagle Warrior
33:15 Squires
33:01 Arson
33:24 Padded Archer Armor
37:24 Imperial Age
34:49 Long Swordsman
37:05 Leather Archer Armor
36:40 Fletching
37:01 Forging
36:52 Scale Mail Armor
38:23 Onager
40:46 Chemistry
39:36 Treadmill Crane
39:31 Capped Ram
41:26 Conscription
41:08 Hul'che Javelineers
40:44 Halberdier
42:35 Murder Holes
43:35 Two-Handed Swordsman
44:58 Iron Casting
44:18 Bodkin Arrow
44:54 Ring Archer Armor
44:39 Chain Mail Armor
crazyfork
0:59 Loom
12:51 Feudal Age
18:57 Castle Age
17:41 Wheelbarrow
16:54 Double-Bit Axe
16:51 Horse Collar
19:54 Bow Saw
19:47 Heavy Plow
19:49 Fletching
27:52 Bodkin Arrow
31:47 Imperial Age
29:39 Bloodlines
29:30 Husbandry
29:52 Husbandry
30:00 Scale Barding Armor
30:18 Forging
31:17 Chain Barding Armor
31:50 Town Watch
32:45 Conscription
31:48 Cavalier
33:22 Iron Casting
34:23 Crop Rotation
34:28 Hand Cart
35:58 Two-Man Saw
35:05 Gold Mining
36:31 Gold Shaft Mining
36:50 Caravan
38:04 Plate Barding Armor
38:43 Savar
41:05 Blast Furnace
41:39 Citadels
藍Blue Bean
0:50 Loom
14:51 Feudal Age
17:07 Double-Bit Axe
17:05 Horse Collar
18:20 Wheelbarrow
19:25 Gold Mining
22:32 Castle Age
21:03 Stone Mining
23:35 Bow Saw
23:26 Heavy Plow
24:05 Gold Shaft Mining
23:47 Fletching
25:49 Town Watch
28:56 Heavy Plow
33:50 Imperial Age
31:51 Ballistics
32:08 Fervor
31:44 Treadmill Crane
32:20 Bodkin Arrow
33:50 Fortified Wall
34:22 Padded Archer Armor
36:04 Chemistry
35:26 Leather Archer Armor
37:09 Two-Man Saw
36:19 Murder Holes
36:34 Bracer
40:56 Ring Archer Armor
40:38 Crossbowman
41:20 Arbalester
43:51 Hand Cart
Velox_M_B
0:30 Loom
13:34 Feudal Age
14:34 Horse Collar
15:42 Wheelbarrow
16:37 Double-Bit Axe
23:09 Castle Age
21:28 Gold Mining
22:25 Stone Mining
22:36 Fletching
25:02 Gold Shaft Mining
25:29 Heavy Plow
25:42 Bow Saw
25:51 Husbandry
26:32 Town Watch
30:04 Ballistics
34:10 Imperial Age
32:39 Caravan
32:53 Treadmill Crane
33:13 Murder Holes
33:26 Bodkin Arrow
33:38 Padded Archer Armor
36:11 Conscription
36:03 Paiks
36:19 Mahayana
37:40 Two-Man Saw
38:05 Bracer
38:21 Leather Archer Armor
39:23 Hand Cart
40:26 Elite Elephant Archer
42:55 Chemistry
42:00 Pikeman
42:41 Squires
43:37 Ring Archer Armor
43:18 Forging
43:52 Halberdier
44:23 Arson
Your Mom
0:27 Loom
9:48 Feudal Age
10:16 Double-Bit Axe
12:06 Gold Mining
14:18 Horse Collar
16:54 Stone Mining
18:31 Wheelbarrow
22:50 Castle Age
24:51 Bow Saw
26:00 Gold Shaft Mining
25:32 Heavy Plow
25:05 Pikeman
25:49 Husbandry
26:01 Bloodlines
26:10 Forging
26:02 Scale Mail Armor
26:08 Scale Barding Armor
31:58 Stone Shaft Mining
32:26 Hand Cart
33:29 Tusk Swords
36:15 Imperial Age
34:35 Caravan
34:54 Scale Barding Armor
35:05 Chain Mail Armor
35:25 Iron Casting
36:32 Halberdier
39:21 Crop Rotation
40:09 Chain Barding Armor
40:51 Blast Furnace
40:21 Conscription
40:05 Double Crossbow
43:55 Ballistics
43:42 Siege Engineers
43:57 Elite Battle Elephant
Connection lost

Rejoining the realm…

Still unreachable

The connection could not be restored.

Session expired

The server has moved on; the page needs a fresh start.